 Dungeon Crawl Stone Soup version 0.29.1-15-g9cfb28693d (webtiles) character file.

Game seed: 3875527338497512357

98 leafyfresh the Sneak (level 4, 0/33 HPs)
             Began as an Octopode Delver on Mar 6, 2023.
             Slain by a scorpion (1 damage)
             ... on level 3 of the Dungeon.
             The game lasted 00:01:50 (547 turns).

leafyfresh the Sneak (Octopode Delver)               Turns: 547, Time: 00:01:51

Health: 0/33       AC:  1    Str: 11    XL:     4   Next: 69%
Magic:  4/4        EV: 14    Int: 19    God:
Gold:   0          SH:  0    Dex: 13    Spells: 2/3 levels left

rFire   x . .      SeeInvis .   d - +3 short sword "Penash" {vorpal, rElec rPois rF- Int+5}
rCold   . . .      Faith    .   (no shield)
rNeg    . . .      Spirit   .   (helmet restricted)
rPois   +          Reflect  .   (no amulet)
rElec   +          Harm     .   (no ring)
rCorr   .          Rampage  .   (no ring)
Will    .....                   (no ring)
Stlth   ++++......              (no ring)
HPRegen 0.11/turn               (no ring)
MPRegen 0.09/turn               (no ring)
                                (no ring)
                                (no ring)

@: silenced, attractive
A: almost no armour, amphibious, 8 rings, camouflage 1, gelatinous body 1,
(nimble swimmer 1), tentacles
a: no special abilities


You were on level 3 of the Dungeon.
You visited 1 branch of the dungeon, and saw 3 of its levels.

Inventory:

Hand Weapons
 a - a +1 short sword
 d - the +3 short sword "Penash" (weapon) {vorpal, rElec rPois rF- Int+5}
   (You found it on level 5 of the Dungeon)

   It inflicts extra damage upon your enemies.
   Int:       It affects your intelligence (+5).
   rF:        It makes you vulnerable to fire.
   rElec:     It insulates you from electricity.
   rPois:     It protects you from poison.
Wands
 f - a wand of digging (3)
Scrolls
 b - a scroll of fog
 c - a scroll of magic mapping


   Skills:
 + Level 3.9 Fighting
 - Level 2.0 Short Blades
 + Level 3.1 Dodging
 + Level 7.5 Stealth


You had 2 spell levels left.
You knew the following spells:

 Your Spells              Type           Power      Damage    Failure   Level
a - Magic Dart            Conj           0%         1d3       21%         1

Your spell library contained the following spells:

 Spells                   Type           Power      Damage    Failure   Level
 Call Imp                 Summ           0%         N/A       30%         2
 Mephitic Cloud           Conj/Pois/Air  0%         N/A       52%         3


Dungeon Overview and Level Annotations

Branches:
Dungeon (5/15)
 Temple: D:4-7

Altars:


Innate Abilities, Weirdness & Mutations

You cannot wear most types of armour.
You are amphibious.
You can wear up to eight rings at the same time.
Your skin changes colour to match your surroundings (Stealth+).
Your rubbery body absorbs attacks. (AC +1, EV +1)
((You are camouflaged when in or above water. (Stealth+)))
You have tentacles for arms and can constrict up to eight enemies at once.


Message History

The ball python closely misses you. The ball python completely misses you.
The ball python closely misses you. The ball python grabs you.
The ball python constricts you.
You escape the ball python's grasp.
The ball python attacks as you move away!
The ball python barely misses you. The ball python closely misses you.
The ball python misses you. The ball python grabs you.
The ball python constricts you. The ball python closely misses you.
You escape the ball python's grasp.
Found 15 gold pieces.
Found a stone staircase leading up.
The scorpion closely misses you.
The ball python attacks as you move away!
The ball python bites you.
A phantom comes into view.
The ball python bites you. The ball python misses you.
The scorpion attacks as you move away! The scorpion closely misses you.
The worm closely misses you. The scorpion stings you.
There is a stone staircase leading up here.
The scorpion stings you.
You climb upwards.
Found a stone staircase leading up.
There is a stone staircase leading down here.
The scorpion stings you.
The scorpion stings you but does no damage.
The scorpion stings you.
* * * LOW HITPOINT WARNING * * *
The goblin attacks as you move away! The goblin barely misses you.
The scorpion stings you!
* * * LOW HITPOINT WARNING * * *
There is a stone staircase leading up here.
As you read the scroll labelled LIEMEA CAMAS, it crumbles to dust.
It is a scroll of enchant weapon.
Your +0 short sword glows red for a moment.
The scorpion closely misses you.
As you read the scroll labelled RUNNOE SUCLOXKAR, it crumbles to dust.
A profound silence engulfs you.
It was a scroll of silence.
The scorpion closely misses you.
It was a potion of attraction.
You feel attractive to monsters. The scorpion stings you.
You die...

.. ### #. ...#.
#.#.### ..... ####
#...
.....#..##########
#......gs@.......
#.####..#.######.
#...>.w.....
#.##........ #
#.#####.## #.. ...
##. ... #. ## #


You could see a worm, a scorpion and a goblin.

Vanquished Creatures
  A hound (D:5)
  2 iguanas (D:5)
  An adder (D:4)
  An ufetubus (D:5)
  A ball python (D:4)
  A quokka (D:4)
  A kobold (D:4)
8 creatures vanquished.

Notes
Turn   | Place    | Note
-------+----------+-------------------------------------------
     0 | D:5      | leafyfresh the Octopode Delver began the quest for the Orb.
     0 | D:5      | Reached XP level 1. HP: 16/16 MP: 1/1
    19 | D:5      | Noticed an iguana
    26 | D:5      | Killed an iguana
    27 | D:5      | Reached skill level 7 in Stealth
    27 | D:5      | Reached XP level 2. HP: 4/21 MP: 2/2
    27 | D:5      | Reached XP level 3. HP: 5/26 MP: 3/3
   348 | D:5      | Reached XP level 4. HP: 33/33 MP: 4/4
   357 | D:5      | Noticed an ogre
   360 | D:5      | Noticed a scorpion
   367 | D:5      | Identified the +3 short sword "Penash" {vorpal, rElec rPois
                  | rF- Int+5}
   393 | D:5      | Learned a level 1 spell: Magic Dart
   470 | D:5      | Noticed an ogre
   481 | D:4      | Noticed a scorpion
   535 | D:4      | Noticed a phantom
   544 | D:3      | HP: 1/33 [scorpion (7)]
   547 | D:3      | Slain by a scorpion

Illustrated notes

Levels and vault maps discovered:
D:3:      layout_basic, mainiacjoe_overflow_catwalk
D:4:      layout_basic, kennysheep_mini
D:5:      layout_loops_cross, minmay_temple_entry_slanted, minmay_crystal_room

Skill      XL: |  1  2  3 |
---------------+----------+-----
Stealth        | 7 |  7.5
Dodging        | 3 |  3.1
Fighting       | |  3.9
Short Blades   | |  2.0

Action                   |  1- 3 |  4- 6 || total
-------------------------+-------+-------++-------
Melee: Short sword       |     6 |    10 ||    16
       Constrict         |     2 |     1 ||     3
       Tentacles         |     2 |       ||     2
 Cast: Magic Dart        |       |     3 ||     3
  Use: Scroll            |       |     3 ||     3
       Potion            |       |     2 ||     2
 Stab: Sleeping          |     2 |     1 ||     3
Armor: Skin              |     1 |     2 ||     3
Dodge: Dodged            |     1 |    31 ||    32
